 Dungeon Crawl Stone Soup version 0.20.1-1-g8b1a95d (webtiles) character file.

154 Peloso the Shield-Bearer (level 5, -6/46 HPs)
             Began as a Minotaur Fighter on July 21, 2017.
             Killed by nerve-wracking pain
             ... invoked by Grinder
              (10 damage)
             ... while paralysed by Grinder
             ... on level 4 of the Dungeon.
             The game lasted 00:05:11 (1824 turns).

Peloso the Shield-Bearer (Minotaur Fighter)         Turns: 1824, Time: 00:05:12

Health: -6/46      AC: 10    Str: 24 (26) XL:     5   Next: 13%
Magic:  4/4        EV:  2    Int:  5 (7)  God:
Gold:   214        SH:  0    Dex: 14 (15) Spells: 4/4 levels left

rFire    . . .     SeeInvis .   a - +0 long sword
rCold    . . .     Gourm    .   c - +0 shield
rNeg     . . .     Faith    .   v - +0 chain mail
rPois    .         Spirit   .   (helmet restricted)
rElec    .         Reflect  .   (no cloak)
rCorr    .         Harm     .   (no gloves)
MR       .....                  w - +0 pair of boots
Stlth    ..........             (no amulet)
Regen    0.2/turn               h - -3 ring of intelligence (curse)
MPRegen  0.1/turn               (no ring)

@: paralysed, mighty, brilliant, agile, flying, slowed, lost intelligence
A: retaliatory headbutt, horns 2
a: no special abilities


You were on level 4 of the Dungeon.
You were not hungry.

You visited 1 branch of the dungeon, and saw 4 of its levels.

You collected 214 gold pieces.

Inventory:

Hand Weapons
 a - a +0 long sword (weapon)
 n - a cursed -3 dagger
Armour
 c - a +0 shield (worn)
 v - a +0 chain mail (worn)
 w - a +0 pair of boots (worn)
Jewellery
 h - a cursed -3 ring of intelligence (left hand)
Wands
 b - a wand of polymorph (11/24)
Scrolls
 e - a scroll of enchant weapon {unknown}
 i - 2 scrolls of identify {unknown}
 l - 2 scrolls of remove curse {unknown}
 o - 2 scrolls of teleportation {unknown}
 q - 3 scrolls of amnesia {unknown}
 u - a scroll of fear {unknown}
Potions
 p - a potion of heal wounds {unknown}
 t - 2 potions of invisibility {unknown}
Comestibles
 f - 3 bread rations
 r - 3 royal jellies


   Skills:
 + Level 4.0 Fighting
 + Level 3.5 Long Blades
 + Level 4.8 Armour
 + Level 1.0 Dodging
 + Level 0.1 Stealth
 + Level 5.1 Shields


You had 4 spell levels left.
You didn't know any spells.

Dungeon Overview and Level Annotations

Branches:
Dungeon (4/15)
 Temple: D:4-7

Altars:
Ru
Uskayaw
Xom

Annotations:
D:4 Grinder


Innate Abilities, Weirdness & Mutations

You reflexively headbutt those who attack you in melee.
You have a pair of horns on your head.


Message History

You feel weakened.
You feel dopey.
You have lost your intelligence.
You feel clumsy.
Grinder blinks!
You feel sick.
You can move again.
It was a potion of flight.
You feel very buoyant.
You fly up into the air.
It was a potion of agility.
You feel agile all of a sudden.
It was a potion of brilliance.
You feel clever all of a sudden.
You feel sick.
You are no longer poisoned.
Grinder gestures at you.
You suddenly lose the ability to move!
Grinder hits you but does no damage. x2
Grinder gestures at you. Pain shoots through your body!
You die...

#####..##
#.<.†...#
#.###...# #.#
#†..# #.#
#...#
#.###...#####
#.#..........
#.#.#...####.
#.#.#@..# ...
#5..# #?
.....%. #
...#.####
...##.# ...#
.# #.#. ..
..## #


You could see Grinder.

Vanquished Creatures
  A worker ant (D:4)
  3 adders (D:3)
  A gnoll (D:1)
  2 worms
  2 dart slugs
  2 leopard geckos
  An orc (D:3)
  9 bats
  A giant cockroach (D:3)
  5 goblins
  7 hobgoblins
  17 jackals
  2 quokkas
  8 frilled lizards
  10 kobolds
  A quokka skeleton (D:4)
  6 rats
78 creatures vanquished.

Notes
Turn   | Place    | Note
-------+----------+-------------------------------------------
     0 | D:1      | Peloso the Minotaur Fighter began the quest for the Orb.
     0 | D:1      | Reached XP level 1. HP: 19/19 MP: 0/0
   102 | D:1      | Reached skill level 4 in Shields
   109 | D:1      | Reached XP level 2. HP: 26/26 MP: 1/1
   479 | D:1      | Reached XP level 3. HP: 13/33 MP: 2/2
   837 | D:2      | Noticed a hand axe
   837 | D:2      | Noticed a dagger
   840 | D:2      | Found a hide-covered altar of Uskayaw.
  1064 | D:2      | Found a shimmering altar of Xom.
  1326 | D:3      | Reached XP level 4. HP: 37/40 MP: 3/3
  1622 | D:3      | Reached skill level 5 in Shields
  1649 | D:3      | Found a sacrificial altar of Ru.
  1794 | D:4      | Reached skill level 1 in Dodging
  1794 | D:4      | Reached XP level 5. HP: 30/46 MP: 4/4
  1806 | D:4      | Noticed Grinder
  1810 | D:4      | Paralysed by Grinder for 3 turns
  1816 | D:4      | Lost intelligence.
  1821 | D:4      | Paralysed by Grinder for 6 turns
  1824 | D:4      | Killed from afar by Grinder

Skill      XL: |  1  2  3  4 |
---------------+-------------+-----
Shields        | 4 5 |  5.1
Armour         | 4 |  4.8
Long Blades    | 3 |  3.5
Fighting       | 4 |  4.0
Dodging        | 1 |  1.0
Stealth        | |  0.1

Action                   |  1- 3 |  4- 6 || total
-------------------------+-------+-------++-------
Melee: Long sword        |   119 |    71 ||   190
       Headbutt          |    17 |    15 ||    32
  Use: Potion            |       |     5 ||     5
  Eat: Chunk             |     1 |     2 ||     3
Armor: Scale mail        |    73 |    15 ||    88
       Chain mail        |       |    35 ||    35
Dodge: Dodged            |    47 |    37 ||    84
Block: Shield            |    71 |    50 ||   121
       Rpst.: Long sword |     9 |    13 ||    22
